 Dungeon Crawl Stone Soup version 0.22-a0-433-gd2a9cce (webtiles) character file.

811 galech the Skirmisher (level 7, 0/76 HPs)
             Began as an Ogre Berserker on May 28, 2018.
             Was a Believer of Trog.
             Slain by a frilled lizard (2 damage)
             ... on level 4 of the Dungeon.
             The game lasted 00:04:49 (3469 turns).

galech the Skirmisher (Ogre Berserker)              Turns: 3469, Time: 00:04:49

Health: 0/76       AC:  4    Str: 24    XL:     7   Next: 93%
Magic:  7/7        EV: 11    Int:  8    God:    Trog [**....]
Gold:   137        SH:  0    Dex:  8    Spells: 6/6 levels left

rFire    . . .     SeeInvis .   a - +0 mace
rCold    . . .     Gourm    .   (no shield)
rNeg     . . .     Faith    .   b - +1 animal skin
rPois    .         Spirit   .   (helmet restricted)
rElec    .         Reflect  .   (no cloak)
rCorr    .         Harm     .   (gloves unavailable)
MR       .....                  (boots unavailable)
Stlth    +.........             (no amulet)
HPRegen  0.22/turn              (no ring)
MPRegen  0.10/turn              (no ring)

@: berserk cooldown, slowed, very slow
A: large, unfitting armour, tough skin 1
a: Berserk, Trog's Hand, Renounce Religion


You were on level 4 of the Dungeon.
You worshipped Trog.
Trog was pleased with you.
You were near starving.

You visited 1 branch of the dungeon, and saw 4 of its levels.
You also visited: Sewer.

You collected 137 gold pieces.

Inventory:

Hand Weapons
 a - a +0 mace (weapon)
Armour
 b - a +1 animal skin (worn)
Wands
 e - a wand of paralysis (13)
 k - a wand of acid (11)
Scrolls
 g - a scroll of enchant armour
 l - 5 scrolls of identify {unknown}
 n - a scroll of fear {unknown}
Potions
 d - 2 potions of degeneration {unknown}
 f - 2 potions of flight {unknown}
 h - a potion of lignification
 i - a potion of heal wounds {unknown}
 j - a potion of cancellation {unknown}
 m - 2 potions of curing {unknown}
 o - a potion of brilliance {unknown}
Comestibles
 c - 6 rations


   Skills:
 + Level 6.7 Fighting
 + Level 6.4 Maces & Flails
 + Level 4.1 Dodging
 + Level 1.2 Stealth


You had 6 spell levels left.
You didn't know any spells.
Your spell library was empty.

Dungeon Overview and Level Annotations

Branches:
Dungeon (4/15)
 Temple: D:4-7

Altars:
Wu Jian
Zin

Annotations:
D:4 Eustachio


Innate Abilities, Weirdness & Mutations

You are too large for most types of armour.
You have tough skin. (AC +1)


Message History

A frilled lizard comes into view.
The frilled lizard hisses angrily.
You thump Eustachio!
Eustachio is almost dead.
Your skin stops crawling.
You feel less resistant to hostile enchantments.
Eustachio mumbles some strange words.
Eustachio blinks!
The river rat misses you. The rat misses you.
Eustachio casts a spell.
Eustachio blinks!
The river rat bites you but does no damage.
The river rat barely misses you.
You miss the frilled lizard. The frilled lizard barely misses you.
The river rat bites you.
* * * LOW HITPOINT WARNING * * *
The frilled lizard bites you.
* * * LOW HITPOINT WARNING * * *
The river rat closely misses you.
You miss the frilled lizard. The frilled lizard bites you.
You die...

# ##... #.
##...#####..
###.##...<..[....
.>......@######$.
##.##?.## #...rr#
#..#r## #. #r# #
#@# #l# #.# #.#
#.# #.. ###


You could see Eustachio, 2 river rats, a quokka, a frilled lizard and a rat.

Vanquished Creatures
  The ghost of Paulus the Insei, a novice OpTm (D:4)
  Grinder (D:3)
  A big kobold (Sewer)
  A worker ant (D:3)
  3 gnolls (D:2)
  5 adders
  A river rat (Sewer)
  2 oozes
  A worm (D:2)
  2 dart slugs
  5 orcs (D:3)
  3 giant cockroaches
  6 goblins
  7 hobgoblins
  9 jackals
  2 quokkas (D:3)
  4 bats
  4 frilled lizards
  8 kobolds
  9 rats
75 creatures vanquished.

Notes
Turn   | Place    | Note
-------+----------+-------------------------------------------
     0 | D:1      | galech the Ogre Berserker began the quest for the Orb.
     0 | D:1      | Reached XP level 1. HP: 24/24 MP: 1/1
   114 | D:1      | Reached XP level 2. HP: 15/32 MP: 2/2
   839 | D:2      | Reached XP level 3. HP: 40/40 MP: 3/3
  1352 | D:2      | Reached skill level 5 in Fighting
  1352 | D:2      | Reached XP level 4. HP: 36/50 MP: 4/4
  1738 | D:2      | Reached ** piety under Trog
  2190 | D:3      | Reached XP level 5. HP: 49/57 MP: 5/5
  2345 | D:3      | Found a glowing drain.
  2354 | Sewer    | Entered a sewer
  2526 | Sewer    | Noticed a big kobold
  2593 | Sewer    | Killed a big kobold
  2593 | Sewer    | Reached XP level 6. HP: 57/66 MP: 6/6
  2619 | Sewer    | Found a white marble altar of Elyvilon.
  2732 | D:3      | Found a glowing silver altar of Zin.
  2907 | D:3      | Noticed Grinder
  2923 | D:3      | Killed Grinder
  2923 | D:3      | Reached skill level 5 in Maces & Flails
  2978 | D:3      | Found an ornate altar of the Wu Jian Council.
  2989 | D:3      | Reached XP level 7. HP: 33/75 MP: 7/7
  3435 | D:4      | Noticed Paulus's ghost (novice OpTm)
  3442 | D:4      | Noticed Eustachio
  3458 | D:4      | Killed Paulus's ghost
  3458 | D:4      | Reached skill level 1 in Stealth
  3468 | D:4      | HP: 2/76 [frilled lizard (3)]
  3469 | D:4      | Slain by a frilled lizard

Vault maps used:
D:1:      dpeg_arrival_stonehenge_12_columns, minmay_tetromino_i2
D:2:      minmay_curled_crystal
D:3:      zin_statuary, marbit_many_paths, portal_sewer_entry_d, uniq_grinder
D:4:      grunt_temple_overflow_cloverleaf, first_ration,
          minmay_guarded_unrand_vampires_tooth, uniq_eustachio, uniq_edmund
Sewer:    sewer_kobolds

Skill      XL: |  1  2  3  4  5  6  7 |
---------------+----------------------+-----
Maces & Flails | 3 4 5 6 |  6.4
Dodging        | 3 4 |  4.1
Fighting       | 5 6 |  6.7
Stealth        | 1 |  1.2

Action                   |  1- 3 |  4- 6 |  7- 9 || total
-------------------------+-------+-------+-------++-------
Melee: Mace              |    98 |   173 |    34 ||   305
Invok: Berserk           |     1 |     2 |     1 ||     4
       Trog's Hand       |       |     2 |     1 ||     3
  Use: Potion            |     1 |       |       ||     1
       Scroll            |       |     4 |       ||     4
  Eat: Chunk             |     2 |     8 |     2 ||    12
Armor: Animal skin       |    39 |    48 |     7 ||    94
       Skin              |    13 |       |       ||    13
Dodge: Dodged            |    57 |    84 |    17 ||   158

Table legend:
 A = Spawn XP
 B = Non-spawn XP
 C = Spawn XP percentage of total XP
 D = Spawn monster count
 E = Non-spawn monster count
 F = Spawn count percentage of total count
 G = Total turns spent on level
                    A         B        C        D         E        F      G
               +---------+---------+-------+---------+---------+-------+---------
         Total |       0 |    1159 |   0.0 |       0 |      75 |   0.0 |  3469
               +---------+---------+-------+---------+---------+-------+---------
           D:1 |       0 |      29 |   0.0 |       0 |      16 |   0.0 |  1025
           D:2 |       0 |     125 |   0.0 |       0 |      25 |   0.0 |  1124
           D:3 |       0 |     353 |   0.0 |       0 |      21 |   0.0 |   976
           D:4 |       0 |     536 |   0.0 |       0 |       2 |   0.0 |    36
         Sewer |       0 |     116 |   0.0 |       0 |      11 |   0.0 |   308
               +---------+---------+-------+---------+---------+-------+---------
